 Dungeon Sprint DCSS version 0.24-a0-250-g6074511 (webtiles) character file.

Game seed: 11191751792843366998

58 MikeHunt the Ruffian (level 3, -5/31 HPs)
             Began as a Centaur Monk on Apr 14, 2019.
             Was a Believer of Nemelex Xobeh.
             Killed from afar by an oklob sapling priest (10 damage)
             ... with a splash of acid
             ... in the Dungeon (Sprint IV: "Fedhas' Mad Dash").
             The game lasted 00:01:08 (724 turns).

MikeHunt the Ruffian (Centaur Monk)                  Turns: 724, Time: 00:01:09

Health: -5/31      AC:  0    Str: 13    XL:     3   Next: 75%
Magic:  2/3        EV: 10    Int:  9    God:    Nemelex Xobeh [**....]
Gold:   31         SH:  0    Dex: 12    Spells: 2/2 levels left

rFire    . . .     SeeInvis .     - Unarmed
rCold    . . .     Gourm    .   (no shield)
rNeg     . . .     Faith    .   a - +0 robe
rPois    .         Spirit   .   (no helmet)
rElec    .         Reflect  .   (no cloak)
rCorr    .         Harm     .   (no gloves)
MR       .....     NoTele   +   (no barding)
Stlth    +.........             g - amulet of invisibility {+Inv}
HPRegen  0.10/turn              (no ring)
MPRegen  0.08/turn              (no ring)

@: corroded, very slightly contaminated, very quick
A: large, hooves 3, deformed body, speed 2, tough skin 3
a: Draw Escape, Draw Destruction, Draw Summoning, Renounce Religion, Evoke
Invisibility


You were in the Dungeon.
You worshipped Nemelex Xobeh.
Nemelex Xobeh was pleased with you.
You were not hungry.

You visited 1 branch You collected 31 gold pieces.

Inventory:

Armour
 a - a +0 robe (worn)
Jewellery
 g - the amulet of invisibility (around neck) {+Inv}
   (You found it in the Dungeon)

   [amulet of nothing]

   It lets you turn invisible.
Scrolls
 h - a scroll of blinking
 j - a scroll of remove curse {unknown}
Potions
 c - 2 potions of curing
 e - a potion of haste
 f - 2 potions of magic
 i - a potion of mutation {unknown}
Comestibles
 b - a ration


   Skills:
 - Level 3.6 Fighting
 - Level 2.6 Dodging
 - Level 1.7 Stealth
 + Level 7.1 Unarmed Combat
 + Level 0.0 Evocations


You had 2 spell levels left.
You didn't know any spells.
Your spell library was empty.

Dungeon Overview and Level Annotations

Branches:
Dungeon (1/1)

Altars:
Cheibriados
Dithmenos
Elyvilon
Gozag
Hepliaklqana
Kikubaaqudgha
Makhleb
Nemelex Xobeh
Okawaru
Qazlal
Ru
Sif Muna
Trog
Uskayaw
Vehumet
Wu Jian
Xom
Yredelemnul
Zin
The Shining One
Beogh
Jiyva
Lugonu

Annotations:
D exclusion: oklob sapling


Innate Abilities, Weirdness & Mutations

You have hooves in place of feet.
Armour fits poorly on your strangely shaped body.
You cover ground very quickly.
You have extremely tough skin. (AC +3)


Message History

* * * LOW HITPOINT WARNING * * *
You kneel at the altar of Nemelex Xobeh.
Nemelex Xobeh welcomes you! Nemelex Xobeh deals you some cards!
You now have 4 destruction cards.
Nemelex Xobeh deals you some cards!
You now have 12 destruction cards and 1 summoning card.
You can now draw from decks of power.
You draw a card...
You have drawn the Storm.
A fierce wind blows from the card.
The electrical discharge engulfs the oklob sapling priest!
The oklob sapling priest is severely damaged.
You hear a mighty peal of thunder!
You flicker back into view.
The oklob sapling priest looks braver for a moment.
You hit the oklob sapling priest but do no damage.
The oklob sapling priest is severely damaged.
The oklob sapling priest spits acid at you.
The splash of acid hits you!
You die...
Your body disappears without a glow.

########################
....#.....#.⌠._._._._.⌠.
....'.#...'.._._._._._..
....#.#†..#..._.@P_._...
########+##.._._._._._..
#._._._._._.⌠.
##############


You could see an oklob sapling priest.

Vanquished Creatures
  An oklob sapling (D)
  A worker ant (D)
  A river rat (D)
  A rat (D)
4 creatures vanquished.

Notes
Turn   | Place    | Note
-------+----------+-------------------------------------------
     0 | D        | MikeHunt the Centaur Monk began the quest for the Orb.
     0 | D        | Reached XP level 1. HP: 19/19 MP: 1/1
    11 | D        | Reached XP level 2. HP: 26/26 MP: 2/2
    81 | D        | Noticed an oklob sapling
   557 | D        | Killed an oklob sapling
   557 | D        | Reached skill level 6 in Unarmed Combat
   557 | D        | Reached XP level 3. HP: 31/31 MP: 3/3
   560 | D        | Found the amulet of invisibility {+Inv}
   568 | D        | Reached skill level 7 in Unarmed Combat
   703 | D        | Found an opulent altar of Gozag.
   703 | D        | Found a hazy altar of Hepliaklqana.
   703 | D        | Found a burning altar of Makhleb.
   703 | D        | Found a roughly hewn altar of Beogh.
   703 | D        | Found a sparkling altar of Nemelex Xobeh.
   703 | D        | Found a snail-covered altar of Cheibriados.
   703 | D        | Found a sacrificial altar of Ru.
   703 | D        | Found a deep blue altar of Sif Muna.
   703 | D        | Found a shimmering altar of Xom.
   703 | D        | Found a basalt altar of Yredelemnul.
   704 | D        | Found a viscous altar of Jiyva.
   704 | D        | Found a bloodstained altar of Trog.
   704 | D        | Found an ornate altar of the Wu Jian Council.
   704 | D        | Noticed an oklob sapling priest
   705 | D        | Found an iron altar of Okawaru.
   705 | D        | Found a glowing silver altar of Zin.
   705 | D        | Found a shadowy altar of Dithmenos.
   706 | D        | Found a hide-covered altar of Uskayaw.
   706 | D        | Found an ancient bone altar of Kikubaaqudgha.
   707 | D        | Found a stormy altar of Qazlal.
   707 | D        | Found a glowing golden altar of the Shining One.
   707 | D        | Found a white marble altar of Elyvilon.
   708 | D        | Found a radiant altar of Vehumet.
   708 | D        | Found a corrupted altar of Lugonu.
   722 | D        | Became a worshipper of Nemelex Xobeh the Trickster
   722 | D        | Received a gift from Nemelex Xobeh
   722 | D        | Reached * piety under Nemelex Xobeh
   722 | D        | Received a gift from Nemelex Xobeh
   722 | D        | Reached ** piety under Nemelex Xobeh
   724 | D        | Killed from afar by an oklob sapling priest

Levels and vault maps discovered:
D:        dungeon_sprint_fedhas [sprint_temple]

Skill      XL: |  1  2  3 |
---------------+----------+-----
Unarmed Combat | 6 7 |  7.1
Fighting       | |  3.6
Dodging        | |  2.6
Stealth        | |  1.7

Action                   || total
-------------------------++-------
Melee: Unarmed           ||    24
       Kick              ||     9
 Abil: Evoke Invisibilit ||     1
       Draw Destruction  ||     1
  Use: Potion            ||     2
 Stab: Sleeping          ||     1
Armor: Robe              ||     3
Dodge: Dodged            ||     3

Table legend:
 A = Non-vault XP
 B = Vault XP
 C = Vault XP percentage of total XP
 D = Non-vault monster count
 E = Vault monster count
 F = Vault count percentage of total count
                 A         B        C        D         E       F
            +---------+---------+-------+---------+---------+-------
      Total |       0 |      83 | 100.0 |       0 |       4 | 100.0
            +---------+---------+-------+---------+---------+-------
          D |       0 |      83 | 100.0 |       0 |       4 | 100.0
            +---------+---------+-------+---------+---------+-------
